Unix NetHack Version 5.0.0-0 post-release - last build May 10 2026 23:12:36 (d1fa5d53e341ca933230fdaa984d921c805b60aa,branch:main).

Game began 2026-05-16 05:56:45, ended 2026-05-16 10:58:15.

Galadhan1, lawful female dwarven Valkyrie

                 --------------------------------#
                 |..............................|#
                 | -----..---------.{..-----|--.|#
                       |..|....|  ----.|   |..|.|#
                       |..|....|     |.|   |((|.|#
                   ------.---|--     +.|   |](|.|#               |
                   |....|......-     -.-   ---|.|##          ....|
                   |.%..-.-|--.....   .       |.|#               |
                   |._..|.|..|.....{..-       |..##
                   |....|.|..|....-- --       -.|##
                   ------.|..|....|           ..|#
                         .|--|....|   ----   +-.|#
                         .|  |....|   |..|    |.|#
                         .+  |....|   |..|    |.|#   #-------
                 | -----..----....-----..------.|#   #|....<|
                 |...............G..@....@......|#   #|.....|
                 --------------------------------#####......+
                                                      -------

Galadhan1 the Fighter       St:18/07 Dx:11 Co:20 In:8 Wi:11 Ch:8  Lawful
Dlvl:7  $:50 HP:0(72) Pw:8(8) AC:-2 Xp:6 T:4250 

Latest messages:
 The priestess of Loki wields a mace!
 The mace welds itself to the priestess of Loki's hand!
 The priestess of Loki kicks!
 The air crackles around the priestess of Loki.
 Please move the cursor to a monster, object or location.
 (For instructions type a '?')
 What do you want to zap? [hj or ?*] *
 In what direction? j
 The bolt of cold hits the priestess of Loki!
 The bolt of cold bounces!
 The bolt of cold hits the priestess of Loki!
 The bolt of cold whizzes by you!
 The priestess of Loki swings her mace.
 The priestess of Loki hits!
 The priestess of Loki kicks!
 The priestess of Loki points at you, then curses.
 What do you want to zap? [hj or ?*] *
 Nothing happens.
 The watchman thrusts her short sword.
 The watchman misses!
 The priestess of Loki swings her mace.
 The priestess of Loki hits!
 The priestess of Loki kicks!
 The priestess of Loki casts a spell!
 The priestess of Loki summons insects!
 What do you want to zap? [hj or ?*] *
 In what direction? .
 You materialize in a different location!
 The watch captain wields a silver saber!
 What do you want to zap? [hj or ?*] *
 In what direction? l
 The watch captain vanishes!
 The monkey vanishes!
 The watchman zaps a brass wand!
 The bolt of lightning whizzes by you!
 You are blinded by the flash!
 You hear a nearby zap.
 The bolt of lightning hits you!
 Valkyrie, your life force is running out.
 What do you want to drink? [fkn-qyIJ or ?*] *
 You feel better.
 You can see again.
 The watchman zaps a wand of lightning!
 The bolt of lightning hits you!
 You die...
 Do you want your possessions identified? [ynq] (y) y
 Do you want to see your attributes? [ynq] (y) y
 Do you want an account of creatures vanquished? [ynaq] (y) n
 Do you want to see your conduct and achievements? [ynq] (y) n
 Do you want to see the dungeon overview? [ynq] (y) n

Inventory:
 Coins    ('$')
  $ - 50 gold pieces
 Weapons  (')')
  v - 5 +0 daggers (at the ready)
  a - a +1 dwarvish spear (weapon in right hand)
  E - a +0 elven dagger
 Armor    ('[')
  c - an uncursed +3 small shield (being worn)
  z - an uncursed +0 leather cloak (being worn)
  g - an uncursed +0 plate mail (being worn)
 Comestibles  ('%')
  F - an uncursed clove of garlic
  d - 2 uncursed food rations
  K - an uncursed lichen corpse
 Scrolls  ('?')
  e - 2 uncursed scrolls of destroy armor
  H - a cursed scroll of destroy armor
  L - an uncursed scroll of fire
  A - an uncursed scroll of gold detection
  C - an uncursed scroll of identify
  r - 2 uncursed scrolls of magic mapping
 Potions  ('!')
  J - an uncursed potion of fruit juice
  k - an uncursed potion of invisibility named B/U
  I - an uncursed potion of levitation
  f - an uncursed potion of paralysis
  y - a blessed potion of polymorph
  o - an uncursed potion of polymorph
  n - a blessed potion of restore ability
  q - an uncursed potion of speed
 Rings    ('=')
  t - an uncursed ring of regeneration
  i - an uncursed ring of searching named U/B (on right hand)
 Wands    ('/')
  h - a wand of cold (0:0)
  j - a wand of teleportation (0:2)
 Tools    ('(')
  l - an uncursed leash
  s - an uncursed oil lamp
  D - an uncursed towel named B/U
 Gems/Stones  ('*')
  x - 4 uncursed worthless pieces of orange glass
  b - 2 uncursed worthless pieces of red glass
  u - 2 uncursed worthless pieces of yellowish brown glass

Galadhan1 the Valkyrie's attributes:

Background:
 You were a Fighter, a level 6 dwarven Valkyrie.
 You were lawful, on a mission for Tyr
 who was opposed by Odin (neutral) and Loki (chaotic).
 You were right-handed.
 You were in the Gnomish Mines, on level 7.
 You entered the dungeon 4250 turns ago.
 There was a new moon in effect when your adventure ended.
 You had 406 experience points, 234 more were needed to attain level 7.

Basics:
 You had 0 out of 72 hit points.
 You had all 8 energy points (spell power).
 Your armor class was -2.
 Your wallet contained 50 zorkmids.
 Autopickup was off.

Final Characteristics:
 Your strength was 18/07 (limit:18/100).
 Your dexterity was 11 (limit:20).
 Your constitution was 20 (limit:20).
 Your intelligence was 8 (limit:16).
 Your wisdom was 11 (limit:16).
 Your charisma was 8 (limit:16).

Final Status:
 You weren't hungry.
 You were unencumbered.
 You were wielding a spear.
 You were skilled in spear.

Final Attributes:
 You were piously aligned.
 You were cold resistant.
 You were telepathic.
 You had automatic searching.
 You had infravision.
 You were stealthy.
 You were guarded.
 You were lucky.
 You are dead.

Miscellaneous:
 You didn't encounter any bones levels.
 Total elapsed playing time was 2 hours, 6 minutes and 43 seconds.

Major events:
 Turn
    1: Galadhan1 the lawful dwarven Valkyrie entered the dungeon
 1122: attained the rank of Skirmisher (level 3)
 1728: entered the Gnomish Mines
 2453: entered Sokoban
 3709: attained the rank of Fighter (level 6)
 4107: reached Mine Town
 4250: killed by a bolt of lightning zapped by a watchman

You didn't know any spells.

Skills:
 Fighting Skills
   bare handed combat [Unskilled]
   two weapon combat  [Unskilled]
   riding             [Unskilled]
 Weapon Skills
   dagger             [Basic]
   axe                [Unskilled]
   pick-axe           [Unskilled]
   short sword        [Unskilled]
   broadsword         [Unskilled]
   long sword         [Unskilled]
   two-handed sword   [Unskilled]
   saber              [Unskilled]
   hammer             [Unskilled]
   quarterstaff       [Unskilled]
   polearms           [Unskilled]
   spear              [Skilled]
   trident            [Unskilled]
   lance              [Unskilled]
   sling              [Unskilled]
 Spellcasting Skills
   attack spells      [Unskilled]
   escape spells      [Unskilled]

Voluntary challenges:
 Character rerolling was not enabled.
 You never genocided any monsters.
 You never polymorphed an object.
 You never changed form.
 You used no wishes.
 You did not violate any of the special Sokoban rules.
Achievements:
 You entered a shop.
 You attained the rank of Skirmisher.
 You entered the Gnomish Mines.
 You entered Sokoban.
 You attained the rank of Fighter.
 You entered Minetown.
 You entered a temple.

 The Dungeons of Doom: levels 1 to 7
    Level 1:
       Some fountains.
    Level 2:
       A general store.
    Level 3:
       A general store.
    Level 4:
       Stairs down to The Gnomish Mines.
    Level 5:
       An altar.
    Level 6:
       Many fountains.
       Oracle of Delphi.
    Level 7:
       Stairs up to Sokoban, level 6.
 The Gnomish Mines: levels 5 to 7
    Level 5:
    Level 6:
    Level 7: <- You were here.
       A temple and an altar to Tyr, some fountains.
       Final resting place for
          you, killed by a bolt of lightning zapped by a watchman.
 Sokoban:
    Level 6:
       Unsolved.


Vanquished creatures:
  a leprechaun
  a dingo
  a dog
  3 human zombies
  a bugbear
  a rock mole
  a pony
  a fog cloud
  a yellow light
  a gnome leader
  2 gnomish wizards
  a black naga hatchling
  a baby crocodile
  4 floating eyes
  a homunculus
  a kobold leader
  a rabid rat
  a giant bat
  5 monkeys
 an iguana
  2 coyotes
  a cave spider
  a brown mold
  a yellow mold
 12 gnomes
  2 geckos
  6 jackals
  a fox
  a goblin
  5 sewer rats
  8 grid bugs
  2 bats
  7 lichens
  2 kobold zombies
  7 newts
88 creatures vanquished.

No species were genocided or became extinct.

Game over:
                       ----------
                      /          \
                     /    REST    \
                    /      IN      \
                   /     PEACE      \
                  /                  \
                  |    Galadhan1     |
                  |      50 Au       |
                  | killed by a bolt |
                  |   of lightning   |
                  |   zapped by a    |
                  |     watchman     |
                  |       2026       |
                 *|     *  *  *      | *
        _________)/\\_//(\/(/\)/\//\/|_)_______

Farvel Galadhan1 the Valkyrie...

You died in The Gnomish Mines on dungeon level 7 with 1989 points,
and 50 pieces of gold, after 4250 moves.
You were level 6 with a maximum of 72 hit points when you died.

